 Dungeon Crawl Stone Soup version 0.18-a0-1292-ge8ad84c (webtiles) character file.

103 Duffy the Conjurer (level 4, 24/24 HPs)
             Began as a Deep Elf Conjurer on Feb 9, 2016.
             Quit the game on level 2 of the Dungeon.
             The game lasted 00:01:44 (1752 turns).

Duffy the Conjurer (Deep Elf Conjurer)              Turns: 1752, Time: 00:01:44

Health: 24/24      AC:  3    Str:  5    XL:     4   Next: 51%
Magic:  13/13      EV: 13    Int: 21    God:
Gold:   106        SH:  0    Dex: 15    Spells: 2 memorised, 10 levels left

rFire  . . .     SeeInvis .     (no weapon)
rCold  . . .     Gourm    .     a - +0 robe
rNeg   . . .     Faith    .     (no shield)
rPois  .         Spirit   .     (no helmet)
rElec  .         Dismiss  .     j - +0 cloak
rCorr  +         Reflect  .     (no gloves)
SustAt .         Harm     .     (no boots)
MR     .....                    (no amulet)
Stlth  ++........               (no ring)
                                k - ring of resist corrosion

@: not resistant to hostile enchantments, unstealthy
A: no striking features
a: no special abilities


You were on level 2 of the Dungeon.
You were not hungry.

You visited 1 branch of the dungeon, and saw 2 of its levels.

You collected 106 gold pieces.


   Skills:
 - Level 2.4 Dodging
 - Level 2.4 Stealth
 + Level 5.1 Spellcasting
 + Level 5.5 Conjurations


You had 10 spell levels left.
You knew the following spells:

 Your Spells              Type           Power        Failure   Level  Hunger
a - Magic Dart            Conj           ####         1%          1    None
s - Searing Ray           Conj           ####..       1%          2    None

Inventory:

Armour
 a - a +0 robe (worn)
 j - a +0 cloak (worn)
Jewellery
 k - a ring of resist corrosion (left hand)
Scrolls
 g - 2 scrolls of identify {unknown}
 h - a scroll of random uselessness {unknown}
 l - a scroll of magic mapping {unknown}
 m - a scroll of teleportation {unknown}
Potions
 e - a potion of cure mutation {unknown}
 f - a potion of flight {unknown}
 i - a potion of heal wounds {unknown}
Books
 b - a book of Conjurations
Comestibles
 c - 2 bread rations
 d - 2 meat rations

Dungeon Overview and Level Annotations

Branches:
Dungeon (2/15)

Altars:
Ashenzari
Elyvilon
Fedhas
Gozag
Kikubaaqudgha
Makhleb
Pakellas
Qazlal
Sif Muna
Xom
Yredelemnul
The Shining One


Message History

Aiming: Magic Dart
Press: ? - help, Shift-Dir - straight line, f/p - kobold
Aim: a kobold, wielding a whip The magic dart hits the kobold.
You kill the kobold!
The kobold throws a stone.
The stone misses you.
Cast which spell? (? or * to list)
Aiming: Magic Dart
Press: ? - help, Shift-Dir - straight line, f/p - kobold
Aim: a kobold, wielding a whip The magic dart hits the kobold.
You kill the kobold!
Cast which spell? (? or * to list)
You can't see any susceptible monsters within range! (Use Z to cast anyway.) Cast which spell? (? or * to list)
You can't see any susceptible monsters within range! (Use Z to cast anyway.) Cast which spell? (? or * to list)
You can't see any susceptible monsters within range! (Use Z to cast anyway.)
You start resting.
Magic restored.
Found a glowing golden altar of the Shining One.
You see here a club.
Found a white marble altar of Elyvilon.
Found three altars.
Things that are here:
a whip; 2 stones
Found a blossoming altar of Fedhas.
Found an ancient bone altar of Kikubaaqudgha.
Found a shimmering altar of Xom.
Found a stormy altar of Qazlal.
Found a burning altar of Makhleb.
There is a deep blue altar of Sif Muna here.
Things that are here:
a whip; 2 stones Are you sure you want to abandon this character and quit the game? (Confirm with "yes".)

##### 7.77
##_._###
7..7
#_...._#
77.7
###..###
7.77
#_...._#
77.7
###..###
77.7
#_...._#..
7..7
###..###.#
7.77
#_.@.._#.###
77.7
###..###...#
7..7
#_..)._#.#.#
7.77
##8..8##.#.#
7.7
##..###.#.##
7.77
#.(.......#
77.7
######.##.#
7.77 #.##.#
77.77
#.##.## 7..7


There were no monsters in sight!

Action                   |  1- 3 |  4- 6 || total
-------------------------+-------+-------++-------
 Cast: Magic Dart        |    68 |    27 ||    95
       Searing Ray       |       |     1 ||     1
  Eat: Chunk             |       |     2 ||     2

Notes
Turn   | Place    | Note
--------------------------------------------------------------
     0 | D:1      | Duffy the Deep Elf Conjurer began the quest for the Orb.
     0 | D:1      | Reached XP level 1. HP: 10/10 MP: 6/6
   157 | D:1      | Reached XP level 2. HP: 15/15 MP: 5/8
   192 | D:1      | Learned a level 2 spell: Searing Ray
   490 | D:1      | Reached skill level 4 in Spellcasting
   575 | D:1      | Reached skill level 5 in Conjurations
   575 | D:1      | Reached XP level 3. HP: 19/19 MP: 3/10
  1289 | D:2      | Reached XP level 4. HP: 24/24 MP: 9/12
  1346 | D:2      | Reached skill level 5 in Spellcasting
  1701 | D:2      | Found a shattered altar of Ashenzari.
  1703 | D:2      | Found an oddly glowing altar of Pakellas.
  1735 | D:2      | Found a glowing golden altar of the Shining One.
  1736 | D:2      | Found a white marble altar of Elyvilon.
  1737 | D:2      | Found a basalt altar of Yredelemnul.
  1737 | D:2      | Found a deep blue altar of Sif Muna.
  1737 | D:2      | Found an opulent altar of Gozag.
  1738 | D:2      | Found a blossoming altar of Fedhas.
  1739 | D:2      | Found an ancient bone altar of Kikubaaqudgha.
  1740 | D:2      | Found a shimmering altar of Xom.
  1741 | D:2      | Found a stormy altar of Qazlal.
  1742 | D:2      | Found a burning altar of Makhleb.
  1752 | D:2      | Quit the game

Vault maps used:
D:1:      mrwooster_arrival_statue_3, serial_glass, glass_columns_a,
          glass_columns_a, glass_columns_b, glass_columns_a, glass_columns_a,
          glass_columns_b, glass_columns_a, glass_columns_b, minivault_23
D:2:      forest_paths, minitemple, serial_forest, infiniplex_forest_straight_3,
          infiniplex_forest_lined_2, infiniplex_forest_lined_room_2,
          infiniplex_forest_end_2, infiniplex_forest_lined_corner

Vanquished Creatures
  4 adders
  A gnoll
  An ooze
  A worm
  A giant gecko
  2 ball pythons
  A giant cockroach
  6 goblins
  10 hobgoblins
  3 jackals
  A quokka
  2 bats
  A giant newt
  5 kobolds
  9 rats
48 creatures vanquished.
